 Dungeon Crawl Stone Soup version 0.28.0-1-gb440e238dd (webtiles) character file.

Game seed: 11340428499823144738

1517 boopmooplesden the Carver (level 8, -10/63 HPs)
             Began as a Minotaur Fighter on Feb 21, 2022.
             Was a Follower of Hepliaklqana.
             Mangled by a mummy (14 damage)
             ... in an ossuary.
             The game lasted 00:05:27 (4452 turns).

boopmooplesden the Carver (Minotaur Fighter)        Turns: 4452, Time: 00:05:28

Health: -10/63     AC: 14    Str: 22    XL:     8   Next: 54%
Magic:  7/7        EV:  8    Int:  5    God:    Hepliaklqana [*.....]
Gold:   220        SH:  5    Dex: 11    Spells: 7/7 levels left

rFire   . . .      SeeInvis .   a - +1 long sword (drain)
rCold   . . .      Faith    .   c - +0 buckler
rNeg    . . .      Spirit   .   h - +0 chain mail
rPois   .          Reflect  .   (helmet restricted)
rElec   .          Harm     .   (no cloak)
rCorr   .          Rampage  .   (no gloves)
Will    .....                   (no boots)
Stlth   ..........              (no amulet)
HPRegen 0.20/turn               l - +4 ring of protection
MPRegen 0.10/turn               (no ring)

@: no status effects
A: reduced essence, horns 2, retaliatory headbutt
a: Renounce Religion, Recall Ancestor, Ancestor Identity


You were in an ossuary.
You worshipped Hepliaklqana.
Hepliaklqana was aware of your devotion.
You visited 1 branch of the dungeon, and saw 5 of its levels.
You also visited: Ossuary.

You collected 220 gold pieces.

Inventory:

Hand Weapons
 a - a +1 long sword of draining (weapon)
 t - a +0 hunting sling of flaming
Missiles
 e - a silver boomerang (quivered)
 p - 6 javelins
Armour
 b - a +0 scale mail
 c - a +0 buckler (worn)
 h - a +0 chain mail (worn)
Jewellery
 l - a +4 ring of protection (left hand)
Wands
 q - a wand of polymorph (14)
Scrolls
 d - a scroll of fear
 i - 3 scrolls of fog
 j - 2 scrolls of teleportation
 m - 4 scrolls of identify
 o - a scroll of enchant weapon
Potions
 f - 2 potions of cancellation {unknown}
 g - 2 potions of haste {unknown}
 k - a potion of curing {unknown}
 n - 2 potions of brilliance {unknown}
 r - 2 potions of flight {unknown}
 s - a potion of heal wounds


   Skills:
 + Level 6.3 Fighting
 + Level 9.0 Long Blades
 + Level 0.8 Throwing
 + Level 7.3 Armour
 + Level 1.7 Dodging
 + Level 0.1 Stealth
 + Level 5.0 Shields
 + Level 0.3 Unarmed Combat


You had 7 spell levels left.
You didn't know any spells.
Your spell library contained the following spells:

 Spells                   Type           Power      Damage    Failure   Level
 Scorch                   Fire           0%         2d5       100%        2
 Dazzling Flash           Conj/Hex       0%         N/A       100%        3
 Spider Form              Tmut/Pois      0%         N/A       100%        3
 Flame Wave               Conj/Fire      0%         2d4       100%        4
 Petrify                  Tmut/Erth      0%         N/A       100%        4
 Agony                    Necr           0%         N/A       100%        5
 Alistair's Intoxication  Tmut/Pois      0%         N/A       100%        5
 Silence                  Hex/Air        0%         N/A       100%        5
 Summon Cactus Giant      Summ           0%         N/A       100%        6


Dungeon Overview and Level Annotations

Branches:
Dungeon (5/15)            Ossuary (1/1)
 Temple: D:4-7

Altars:
Hepliaklqana
Nemelex Xobeh


Innate Abilities, Weirdness & Mutations

Your life essence is reduced to manifest your ancestor. (-10% HP)
You have a pair of horns on your head.
You reflexively headbutt those who attack you in melee.


Message History

Keminub barely misses the mummy.
The mummy hits you!
You hit the mummy but do no damage. You headbutt the mummy.
The mummy is severely damaged.
The mummy hits Keminub!
Keminub is destroyed!
You slash the mummy!
You destroy the mummy!
Your Shields skill increases to level 5!
The mummy hits you.
You barely miss the mummy. You headbutt the mummy!
The mummy is heavily damaged.
The mummy hits you. You block the mummy's attack.
You hit the mummy. You headbutt the mummy.
The mummy is moderately damaged.
The mummy hits you. The mummy barely misses you. You furiously retaliate!
You headbutt the mummy, but do no damage.
The mummy hits you but does no damage.
You hit the mummy.
The mummy is moderately damaged.
You slash the mummy!
The mummy is almost destroyed.
The mummy hits you but does no damage. The mummy hits you!
* * * LOW HITPOINT WARNING * * *
The mummy hits you but does no damage.
You hit the mummy but do no damage. You headbutt the mummy.
You destroy the mummy!
The mummy hits you!
* * * LOW HITPOINT WARNING * * *
Unknown command.
Unknown command.
You hit the mummy but do no damage. You headbutt the mummy.
The mummy is severely damaged.
The mummy barely misses you. You furiously retaliate!
You headbutt the mummy! You block the mummy's attack.
You slash the mummy!
You destroy the mummy!
You hit the mummy.
The mummy is almost destroyed.
The mummy hits you!
You die...

...## .. ####
....## ... ##..##
.....#
...##....##.....#
................#
...............#
..............#
#........#
##....M@##
##....## #....#
#....# #....#
#....# #....#
#....# #....#


You could see a mummy.

Vanquished Creatures
  Grinder (D:3)
  Sigmund (D:2)
  Menkaure (D:4)
  2 black bears (D:4)
  Pargi (D:3)
  2 ogres
  A scorpion (D:4)
  A water moccasin skeleton (D:4)
  2 hounds (D:4)
  A centaur skeleton (D:5)
  Ijyb (D:4)
  An iguana (D:4)
  An orc wizard (D:3)
  5 mummies (Ossuary)
  5 adders
  4 gnolls (D:3)
  An ufetubus (D:4)
  An adder skeleton (D:4)
  7 worms
  3 dart slugs
  7 orcs
  8 ball pythons
  7 endoplasms
  4 giant cockroaches
  6 goblins
  5 hobgoblins
  4 jackals (D:1)
  3 quokkas
  3 bats
  2 frilled lizards (D:1)
  A hobgoblin zombie (Ossuary)
  8 kobolds
  2 kobold zombies (Ossuary)
  An orc zombie (Ossuary)
  2 rats
105 creatures vanquished.

Vanquished Creatures (collateral kills)
  A phantom (D:5)
  A gnoll zombie (Ossuary)
  A hobgoblin zombie (Ossuary)
  2 kobold zombies (Ossuary)
5 creatures vanquished.

Vanquished Creatures (others)
  An ancestor (Ossuary)
  3 plants (D:1)
4 creatures vanquished.

Grand Total: 114 creatures vanquished

Notes
Turn   | Place    | Note
-------+----------+-------------------------------------------
     0 | D:1      | boopmooplesden the Minotaur Fighter began the quest for the
                  | Orb.
     0 | D:1      | Reached XP level 1. HP: 19/19 MP: 0/0
   167 | D:1      | Reached XP level 2. HP: 26/27 MP: 1/1
   507 | D:1      | Found a faded altar of an unknown god.
   574 | D:1      | Reached XP level 3. HP: 34/34 MP: 2/2
   857 | D:2      | Noticed Sigmund
   872 | D:2      | Killed Sigmund
   873 | D:2      | Reached skill level 4 in Long Blades
   873 | D:2      | Reached XP level 4. HP: 26/41 MP: 3/3
   873 | D:2      | Reached XP level 5. HP: 30/47 MP: 4/4
  1460 | D:2      | Reached skill level 5 in Fighting
  1464 | D:2      | Reached skill level 5 in Long Blades
  1652 | D:3      | Found a hazy altar of Hepliaklqana.
  1717 | D:3      | Became a worshipper of Hepliaklqana the Forgotten
  1779 | D:3      | Reached XP level 6. HP: 46/56 MP: 5/5
  2053 | D:3      | Noticed Grinder
  2058 | D:3      | Paralysed by Grinder for 7 turns
  2075 | D:3      | Paralysed by Grinder for 4 turns
  2081 | D:3      | Killed Grinder
  2082 | D:3      | Reached skill level 6 in Long Blades
  2082 | D:3      | Reached skill level 5 in Armour
  2082 | D:3      | Reached skill level 1 in Dodging
  2216 | D:3      | Noticed Pargi
  2231 | D:3      | Killed Pargi
  2232 | D:3      | Reached XP level 7. HP: 56/61 MP: 6/6
  2342 | D:3      | Got Hetatir's Tome of Moulding
  3061 | D:4      | Reached skill level 7 in Long Blades
  3335 | D:4      | Noticed Menkaure
  3344 | D:4      | HP: 3/62 [Menkaure (15)]
  3345 | D:4      | Killed Menkaure
  3346 | D:4      | Reached skill level 8 in Long Blades
  3346 | D:4      | Reached XP level 8. HP: 4/70 MP: 7/7
  3683 | D:4      | Found a sparkling altar of Nemelex Xobeh.
  3784 | D:4      | Noticed Ijyb
  3827 | D:4      | Killed Ijyb
  4230 | D:5      | Entered Level 5 of the Dungeon
  4249 | D:5      | Reached * piety under Hepliaklqana
  4396 | D:5      | Found a sand-covered staircase.
  4416 | Ossuary  | Entered an ossuary
  4436 | Ossuary  | Reached skill level 9 in Long Blades
  4441 | Ossuary  | Reached skill level 5 in Shields
  4447 | Ossuary  | HP: 3/63 [mummy (11)]
  4452 | Ossuary  | Mangled by a mummy

Illustrated notes

Levels and vault maps discovered:
D:1:      saegor_arrival_simple_b, layout_loops_ring,
          hellmonk_ecumenical_altar_inner_sanctum, serial_forest,
          infiniplex_forest_corner_1, infiniplex_forest_clump_tiny,
          infiniplex_forest_lined_3_way, infiniplex_forest_zigzag_2,
          infiniplex_forest_straight_3, infiniplex_forest_clump_medium,
          infiniplex_forest_clump_C
D:2:      layout_rooms, minmay_misc_feat_encased, minmay_pentomino_w4,
          uniq_sigmund
D:3:      layout_loops_ring, nzn_hepliaklqana_mist_gate, uniq_grinder,
          uniq_pargi
D:4:      layout_basic, mainiacjoe_overflow_24_doors, nicolae_wormholes,
          uniq_ijyb, uniq_menkaure
D:5:      layout_rooms, okawaru_trees_2, nicolae_ossuary_entry_false_entrances,
          chequers_mini_garden, nicolae_sextant
Ossuary:  ossuary_tomb_3

Skill      XL: |  1  2  3  4  5  6  7  8 |
---------------+-------------------------+-----
Fighting       | 4 5 6 |  6.3
Armour         | 4 5 6 7 |  7.3
Shields        | 4 5 |  5.0
Long Blades    | 4 5 6 8 9 |  9.0
Dodging        | 1 |  1.7
Throwing       | |  0.8
Stealth        | |  0.1
Unarmed Combat | |  0.3

Action                   |  1- 3 |  4- 6 |  7- 9 || total
-------------------------+-------+-------+-------++-------
Melee: Long sword        |    59 |    90 |   122 ||   271
       Headbutt          |     6 |    17 |    26 ||    49
       Unarmed           |       |       |    15 ||    15
Throw: Boomerang         |       |       |     5 ||     5
  Use: Scroll            |     4 |     3 |       ||     7
       Potion            |     1 |     2 |       ||     3
Armor: Scale mail        |    21 |       |       ||    21
       Chain mail        |    15 |    64 |    69 ||   148
Dodge: Dodged            |    35 |    35 |    46 ||   116
Block: Buckler           |    15 |    23 |    22 ||    60
